AoeStats
← fatihatac

Arena

507804060Analyzed
1v1 RM · 11d ago on Sep 19, 2026· 56m 56s· 2 players
Game mode
Random Map
Map size
Tiny (2 player)
Population
200
Speed
Normal
Resources
Standard
Victory
Conquest
Starting age
Dark Age
Ending age
Imperial Age
RankedLock teamsTeams togetherTeam positionsShared explorationLock speedFull tech treeHidden civsTurbo modeCheats
Victory
Defeat
🇨🇭 Goths · Switzerland
709
+15
🇹🇷 Franks · Türkiye
681
-15
fatihatac
13:15 Feudal Age
15:08 Double-Bit Axe
17:44 Castle Age
15:31 Loom
17:02 Stone Mining
18:02 Wheelbarrow
17:41 Forging
22:24 Scale Mail Armor
22:30 Scale Barding Armor
23:25 Gold Mining
23:54 Chain Mail Armor
25:46 Light Cavalry
27:09 Hand Cart
31:14 Imperial Age
31:42 Man-at-Arms
32:08 Gambesons
32:57 #83
33:04 Husbandry
33:27 Squires
33:45 Bow Saw
33:03 Pikeman
36:51 Chemistry
39:08 Ballistics
38:36 Long Swordsman
47:25 Halberdier
52:38 Cavalier
54:55 Cavalier
ages.fire
11:00 Feudal Age
11:46 Double-Bit Axe
16:39 Loom
20:01 Castle Age
18:49 Forging
18:22 Man-at-Arms
19:28 Horse Collar
19:49 Stone Mining
21:09 Pikeman
26:07 Wheelbarrow
25:18 Loom
31:17 Imperial Age
29:30 Fletching
30:23 Murder Holes
30:40 Gold Mining
30:14 Long Swordsman
33:19 Chemistry
33:49 Bow Saw
34:37 Scale Mail Armor
35:28 Heavy Plow
35:01 Two-Handed Swordsman
35:59 Halberdier
37:38 Elite Skirmisher
40:38 Anarchy
41:00 Bodkin Arrow
41:21 Chain Mail Armor
43:02 Iron Casting
42:28 Bracer
43:21 Champion
46:02 Perfusion
46:58 Ballistics
48:42 Blast Furnace
47:50 Squires
51:00 Conscription
52:40 Elite Huskarl
54:48 Town Watch
56:48 Two-Man Saw
Connection lost

Rejoining the realm…

Still unreachable

The connection could not be restored.

Session expired

The server has moved on; the page needs a fresh start.